 Dungeon Crawl Stone Soup version 0.15.2 (webtiles) character file.

2106303 CodaKJazz the Trollish Barricade (level 27, 420/420 HPs)
             Began as a Troll Healer on June 28, 2023.
             Was a High Priest of Okawaru.
             Escaped with the Orb
             ... and 4 runes on June 29, 2023!
             The game lasted 05:39:04 (91293 turns).

CodaKJazz the Trollish Barricade (Troll Healer)    Turns: 91293, Time: 05:39:05

HP 420/420       AC 31     Str 41      XL: 27
MP  22/23        EV 28     Int  6      God: Okawaru [*****.]
Gold 4249        SH 38     Dex 15      Spells:  6 memorised, 14 levels left

rFire  + . .     SeeInvis +       - Unarmed
rCold  + . .     Rnd*Rage +     a - +3 pearl dragon armour
rNeg   + + +     rCorr    .     t - +8 large shield {AC+3} {finessed bastion of the healing claws!!1!}
rPois  .         rRot     .     g - +2 hat of Indecent Exposure {rN+}
rElec  +         Spirit   .     N - +4 dragonskin cloak
SustAb .         Warding  .     (gloves unavailable)
rMut   .         Stasis   .     (boots unavailable)
Gourm  +                        f - amulet of the Air {Inacc +Fly rElec EV+5 RMsl}
MR     ++...                    A - ring "Rapec" {+Inv rF+ Slay+2 SInv}
                                C - ring "Ghie" {Str+3 Dex+2 Regen}

@: berserking, silence, heroism, very slightly contaminated, repel missiles,
very quick, very resistant to hostile enchantments, extremely unstealthy
A: unfitting armour, claws 3, repulsion field 1, slimy green scales 1, berserk
1, blurry vision 1, deformed body, dopey 1, fast metabolism 3, gourmand, low mp
1, regeneration 2, saprovore 2, shaggy fur 1, spit poison 1, tough skin 2,
placid magic 2
a: Spit Poison, Evoke Invisibility, Evoke Flight
0: Orb of Zot
}: 4/15 runes: serpentine, barnacled, slimy, silver


You escaped.
You worshipped Okawaru.
Okawaru was extremely pleased with you.
You were completely stuffed.

You visited 12 branches of the dungeon, and saw 65 of its levels.
You visited the Abyss 3 times.
You visited 1 Ziggurat, and saw 1 of its levels.
You also visited: Ice Cave, Volcano and Wizlab.

You collected 10862 gold pieces.
You spent 6613 gold pieces at shops.

Inventory:

Hand weapons
 b - the +6 blowgun of Untruth {speed, rF+}
   (You bought it in a shop on level 4 of the Orcish Mines)

   Attacks with this weapon are significantly faster.
   It protects you from fire.
Missiles
 e - 17 curare-tipped needles
 w - 158 large rocks (quivered)
 y - 14 silver javelins
 L - 45 javelins of penetration
 Q - 5 throwing nets
 S - 108 poisoned needles
Armour
 a - a +3 pearl dragon armour (worn)
 g - the +2 hat of Indecent Exposure (worn) {rN+}
   (Okawaru gifted it to you on level 1 of the Realm of Zot)

   It protects you from negative energy.
 t - a +8 large shield of protection (worn) {finessed bastion of the healing claws!!1!}
 N - the +4 dragonskin cloak (worn)
   (You took it off Tiamat on level 1 of the Realm of Zot)
Magical devices
 d - a wand of teleportation (4)
 h - a wand of heal wounds (8)
 m - a wand of teleportation (1)
 s - a wand of draining (2)
 D - a wand of fireball (5)
 P - a wand of cold (7)
 W - a wand of digging (4)
Comestibles
 u - 14 meat rations
Scrolls
 k - a scroll of immolation
 p - 3 scrolls of magic mapping
 q - 7 scrolls of teleportation
 x - 3 scrolls of fear
 z - 3 scrolls of silence
 E - 19 scrolls of remove curse
 F - 2 scrolls of holy word
 K - 4 scrolls of fog
 R - 9 scrolls of identify
 T - 6 scrolls of blinking
Jewellery
 f - the amulet of the Air (around neck) {Inacc +Fly rElec EV+5 RMsl}
   (You found it on level 6 of the Pits of Slime)

   [amulet of inaccuracy]

   It reduces the accuracy of all your attacks.
   It affects your evasion (+5).
   It insulates you from electricity.
   It lets you fly.
   It protects you from missiles.
 i - an uncursed amulet of resist corrosion
 v - an uncursed amulet of stasis
 A - the ring "Rapec" (right claw) {+Inv rF+ Slay+2 SInv}
   (You found it on level 3 of the Elven Halls)

   [ring of protection from fire]

   It affects your accuracy and damage with ranged weapons and melee attacks
   (+2).
   It protects you from fire.
   It enhances your eyesight.
   It lets you turn invisible.
 C - the ring "Ghie" (left claw) {Str+3 Dex+2 Regen}
   (You acquired it on level 1 of the Depths)

   [ring of regeneration]

   It affects your strength (+3).
   It affects your dexterity (+2).
   It increases your rate of regeneration.
 O - the ring of Xom's Absentmindedness {rPois rC+ Stlth-}
   (You acquired it on level 10 of the Dungeon)

   [ring of poison resistance]

   It protects you from cold.
   It protects you from poison.
   It makes you less stealthy.
 X - the amulet "Ixathe" {Ward rN+ Str-3 Dex+3}
   (You found it on level 6 of the Pits of Slime)

   [amulet of warding]

   It may prevent the melee attacks of summoned creatures.
   It affects your strength (-3).
   It affects your dexterity (+3).
   It protects you from negative energy.
 Z - an uncursed ring of protection from magic
Potions
 c - 8 potions of heal wounds
 n - 2 potions of cure mutation
 o - 5 potions of cancellation
 r - 8 potions of curing
 B - 6 potions of berserk rage
 H - 13 potions of restore abilities
 I - 3 potions of haste
 M - 4 potions of invisibility
 U - 4 potions of might
 Y - a potion of resistance
Books
 V - a book of Beasts

   Spells                             Type                      Level
   *Summon Butterflies                Summoning                    1
   Call Canine Familiar               Summoning                    3
   Summon Ice Beast                   Ice/Summoning                4
   Summon Mana Viper                  Hexes/Summoning              5
   Monstrous Menagerie                Summoning                    6
   Summon Hydra                       Summoning                    7


   Skills:
 * Level 17.7(22.7) Fighting
 + Level 18.1(23.1) Throwing
 + Level 12.7(17.7) Armour
 + Level 15.2(20.2) Dodging
 O Level 27 Shields
 + Level 20.5(25.5) Unarmed Combat
 - Level 5.6 Invocations


You had 14 spell levels left.
You knew the following spells:

 Your Spells              Type           Power        Failure   Level  Hunger
a - Apportation           Tloc           #.........   22%         1    ##.....
b - Summon Butterflies    Summ           #.......     22%         1    ##.....
c - Blink                 Tloc           N/A          47%         2    ###....
d - Repel Missiles        Chrm/Air       #.....       47%         2    ###....
e - Flight                Chrm/Air       #.........   86%         3    ####...
f - Regeneration          Chrm/Necr      #.........   86%         3    ####...


Dungeon Overview and Level Annotations

Branches:
Dungeon (15/15)            Temple (1/1) D:4             Orc (4/4) D:12
    Elf (3/3) Orc:4          Lair (8/8) D:9          Shoals (5/5) Lair:5
  Snake (5/5) Lair:4        Slime (6/6) Lair:6       Vaults (5/5) D:14
  Crypt (3/3) Vaults:3       Tomb (0/3) Crypt:3      Depths (5/5) D:15
    Zot (5/5) Depths:5

Altars:
Ashenzari
Cheibriados
Dithmenos
Elyvilon
Fedhas
Kikubaaqudgha
Makhleb
Nemelex Xobeh
Okawaru
Qazlal
Sif Muna
Trog
Vehumet
Xom
Yredelemnul
Zin
The Shining One
Jiyva

Shops:
D:5 }   D:10 ?[%?   D:12 [   D:14 *   Orc:3 [   Orc:4 }*(*   Shoals:2 *
Shoals:3 [   Snake:4 *   Snake:5 }   Vaults:3 (   Vaults:4 *:   Vaults:5 =?
Depths:3 (

Portals:
Hell: Depths:1 Depths:2 Depths:3 Depths:4 Depths:5
Abyss: Depths:2 Depths:4
Pandemonium: Depths:3

Annotations:
D:7 exclusion: downstairs
Crypt:1 exclusion: curse skull
Crypt:2 exclusion: curse skull


Innate Abilities, Weirdness & Mutations

You are too large for most types of armour.
You have claws for hands.
Your metabolism is lightning-fast.
You like to eat raw meat.
You heal very quickly.
You can eat rotten meat.
You are covered in fur (AC +1).
You have very tough skin (AC +2).
You are surrounded by a mild repulsion field (EV +2).
You are partially covered in slimy green scales (AC +2).
You tend to lose your temper in combat.
Your vision is a little blurry.
Armour fits poorly on your strangely shaped body.
You are dopey. (Int -2)
Your magical capacity is low (-10% MP).
You can spit poison.
Your spells are easier to cast, but less powerful.


Message History

You gain the combat prowess of a mighty hero.
You feel slightly less full.
Read which item? (? for menu, Esc to quit)
The writing blurs in front of your eyes.
Read which item? (? for menu, Esc to quit)
As you read the scroll of summoning, it crumbles to dust.
Wisps of shadow whirl around you...
Read which item? (? for menu, Esc to quit)
As you read the scroll of immolation, it crumbles to dust.
The air around you briefly surges with heat, but it dissipates.
Read which item? (? for menu, Esc to quit)
Okay, then.
Read which item? (? for menu, Esc to quit)
As you read the scroll of silence, it crumbles to dust.
A profound silence engulfs you.
Drink which item? (? for menu, Esc to quit)
A red film seems to cover your vision as you go berserk!
You feel yourself moving faster!
You feel mighty!
You feel a strong urge to attack something.
You have escaped!

##.......#...#...#......######
#....#...#..#..#...#....#
#.....#..#..#..#..#.....#
#......#..#[#.#..#......#
#...#...#.#.#.#.#...#...#####
#....##..#.#.#.#..##.....#...
#......##.#...#.##.....#.#...
#........#.K...#.......#.#...
#..######...@...######.#.#...
#........#.g...#.......#.....
#......##.#...#.##.....##.###
#....##..#.#.#.#..##...##.###
#...#...#.#.#.#.#...#..##.##.
#......#..#.#.#..#.....##..#.
#.....#..#..#..#..#....###.#.
#....#...#..#..#...#..## #...
###.....#...#...#.....# ##.#


You could see a friendly hobgoblin and a friendly kobold.

Vanquished Creatures
  the royal jelly (Slime:6)
  4 orbs of fire
  Tiamat (Zot:1)
  4 ancient liches (Zot:5)
  Saint Roka (Crypt:1)
  Boris (Vaults:3)
  3 curse toes
  Sojobo (Vaults:3)
  Margery (Depths:5)
  Norris (Elf:2)
  3 Killer Klowns
  3 golden dragons
  Jory (Vaults:5)
  A profane servitor (Crypt:3)
  4 electric golems
  Frederick (Crypt:2)
  the Enchantress (Depths:4)
  Nikola (Elf:1)
  2 bone dragons
  A Hell Sentinel (Abyss:1)
  4 titans (Vaults:5)
  24 Orb Guardians
  6 liches
  18 tentacled monstrosities
  A Cloud Mage (WizLab)
  26 acid blobs
  2 deep elf blademasters
  A quicksilver dragon (Depths:5)
  2 deep elf master archers (Elf:3)
  Polyphemus (Shoals:1)
  A kraken (Shoals:3)
  5 sphinxes
  16 tentacled starspawn
  9 storm dragons
  The ghost of SaintRoka the Brawler, a great NaHe of Cheibriados (Slime:6)
  4 ancient champions
  Rupert (D:14)
  A daeva (Abyss:2)
  Agnes (Elf:1)
  Frances (Shoals:5)
  5 azure jellies
  An octopode crusher (Depths:3)
  Kirke (Elf:2)
  4 draconian monks
  11 shadow dragons
  13 fire giants
  3 revenants
  Ilsuiw (Shoals:5)
  12 tengu reavers
  Donald (Elf:2)
  3 iron dragons (Zot:1)
  Wiglaf (Vaults:2)
  9 frost giants
  5 greater nagas (Snake:5)
  7 deep elf sorcerers
  10 draconian scorchers
  4 ghost moths
  2 balrugs
  4 draconian zealots
  15 vault wardens
  A cacodemon (Abyss:2)
  Gastronok (D:12)
  6 draconian knights
  4 emperor scorpions
  A ghoul (Crypt:3)
  13 very ugly things
  6 spriggan defenders (Depths:4)
  9 deep elf demonologists
  6 draconian shifters
  18 stone giants
  A blood saint (D:5)
  2 war gargoyles
  6 reapers
  2 draconian annihilators
  5 draconian callers
  4 grey draconians
  A curse skull (Crypt:3)
  5 green draconians
  11 black draconians
  A lorocyproca (Zot:1)
  12 pale draconians
  4 vampire knights
  16 yellow draconians
  Azrael (Elf:1)
  13 white draconians
  9 deep elf annihilators
  A black sun (D:5)
  9 purple draconians
  2 dire elephants (Depths:1)
  11 red draconians
  A spriggan rider (Depths:4)
  20 ettins
  11 mottled draconians
  2 unborn (Crypt:3)
  8 merfolk javelineers
  A crystal guardian (Vaults:5)
  2 eidola
  26 vault guards
  15 merfolk impalers
  6 death oozes
  19 deep elf death magi
  19 jiangshi
  14 ironheart preservers
  Josephine (D:11)
  3 deep elf high priests
  25 fire dragons
  4 rakshasas
  12 great orbs of eyes
  18 yaktaur captains
  A hydra (shapeshifter) (Abyss:1)
  14 anacondas
  Fannar (Lair:7)
  A ravenous item mimic (Depths:1)
  7 death cobs
  15 ice dragons
  Harold (Elf:1)
  19 ogre magi
  9 naga warriors
  13 centaur warriors
  2 ghost crabs
  An anaconda (shapeshifter) (Depths:5)
  3 sirens
  3 human zombies (Depths:5)
  13 hydras
  3 spriggan air magi
  4 merfolk aquamancers
  5 death knights
  A dancing weapon (Vaults:5)
  A spectral stone giant (Crypt:3)
  9 deep troll earth magi
  2 vampire magi
  2 satyrs
  6 deep troll shamans
  25 death yaks
  10 tengu warriors
  10 naga sharpshooters
  An orc high priest (Orc:3)
  A shock serpent (shapeshifter) (Elf:2)
  7 shock serpents
  A soul eater (Depths:3)
  9 spriggan berserkers
  6 thrashing horrors
  4 sun demons
  3 storm dragon zombies
  Nergalle (Lair:1)
  2 ice devils (IceCv)
  5 hell knights (Depths:5)
  A fire crab (shapeshifter) (Depths:4)
  A spectral storm dragon (Crypt:2)
  A catoblepas (Shoals:2)
  37 skeletal warriors
  3 titan skeletons
  9 wretched stars (Abyss:1)
  4 shadow wraiths
  21 deep elf knights
  3 hell hogs (Abyss:1)
  6 iron trolls (Depths:3)
  4 spatial maelstroms
  2 unseen horrors (shapeshifter)
  6 flayed ghosts
  10 salamander mystics
  2 orb spiders
  22 sea snakes
  A gelid demonspawn (Depths:3)
  3 wizards
  An orb spider (shapeshifter) (Depths:3)
  4 unseen horrors
  A shadow demon (Abyss:2)
  A death drake (Zot:4)
  9 giant orange brains
  A torturous demonspawn (D:5)
  A ghost moth zombie (Crypt:1)
  2 ice statues (IceCv)
  25 deep trolls
  3 naga ritualists
  25 large abominations
  35 harpies
  2 tengu zombies (Depths:3)
  11 necromancers
  2 spectral hydras
  36 ugly things
  11 hill giants
  11 ironbrand convokers
  9 lindwurms
  2 golden dragon skeletons
  A sphinx zombie (Depths:3)
  8 deep elf summoners
  10 orc knights
  3 swamp dragons (Snake:4)
  A harpy (shapeshifter) (Vaults:5)
  27 deep elf conjurers
  6 shining eyes
  A spectral fire dragon (Crypt:2)
  19 mana vipers
  A red wasp (Vaults:4)
  4 frost giant zombies
  12 salamanders
  A draconian zombie (Zot:2)
  7 phantasmal warriors
  22 black mambas
  19 fauns
  4 shadow dragon skeletons
  3 worldbinders
  13 cyclopes
  A draconian (shapeshifter) (Vaults:4)
  A fire giant zombie (Vaults:5)
  A sphinx skeleton (Depths:3)
  7 guardian serpents
  3 elephants (Lair:7)
  2 orc sorcerers (Elf:2)
  15 mermaids
  21 moths of wrath
  9 wolf spiders
  2 apocalypse crabs
  8 water nymphs
  An iron dragon skeleton (Depths:3)
  9 griffons
  2 oklob plants (Zot:4)
  23 manticores
  A fire giant skeleton (Depths:1)
  14 smoke demons
  An octopode (shapeshifter) (Depths:2)
  5 sixfirhies
  6 frost giant skeletons
  2 titan simulacra
  A drowned soul (Shoals:3)
  9 iron devils
  An eye of devastation (shapeshifter) (Vaults:5)
  3 torpor snails
  9 komodo dragons
  2 black mambas (shapeshifter)
  3 eyes of devastation
  18 vault sentinels
  20 naga magi
  2 molten gargoyles (Volcano)
  5 spectral swamp worms (Depths:3)
  2 tormentors
  An elf skeleton (Depths:1)
  A green draconian zombie (Zot:1)
  A red draconian zombie (Zot:2)
  3 gargoyles
  12 spiny frogs
  2 dire elephant skeletons
  2 komodo dragons (shapeshifter)
  3 red devils
  A pale draconian zombie (Zot:2)
  2 demonic crawlers (Elf:3)
  An item mimic (Shoals:2)
  3 orange demons
  A redback zombie (Crypt:1)
  6 ancient zymes
  14 freezing wraiths
  7 tengu conjurers
  52 yaktaurs
  24 deep elf priests
  A grey draconian skeleton (Crypt:1)
  A spectral harpy (Crypt:2)
  2 silent spectres
  4 hellwings
  3 fire drakes
  4 efreet
  38 merfolk
  A raiju (shapeshifter) (Depths:4)
  2 hydra zombies
  9 blue devils
  13 blink frogs
  4 fire vortices
  A troll (shapeshifter) (Vaults:4)
  A jumping spider (Elf:3)
  4 polar bears
  7 trolls
  89 slime creatures
  A polar bear (shapeshifter) (Depths:2)
  A tengu simulacrum (Depths:3)
  A stone giant simulacrum (Vaults:4)
  15 wind drakes
  11 snapping turtles
  10 ravens
  The ghost of Ge0ff the Vandal, an average HaGl (D:4)
  6 boulder beetles
  A death drake skeleton (Crypt:2)
  3 human simulacra
  26 two-headed ogres
  An ettin zombie (Depths:3)
  13 raiju (Abyss:1)
  2 spriggan zombies
  A spriggan simulacrum (Depths:3)
  5 shadows
  A fire dragon zombie (Zot:1)
  A griffon zombie (Vaults:3)
  2 ettin skeletons
  12 wraiths
  2 redbacks (Elf:3)
  11 spriggans
  3 basilisks
  An ice dragon skeleton (Zot:1)
  A griffon skeleton (D:11)
  35 air elementals
  78 flying skulls
  An iron dragon simulacrum (Crypt:2)
  A basilisk (shapeshifter) (Abyss:2)
  14 water elementals
  33 deep elf magi
  2 wyverns
  54 yaks
  A fire bat (shapeshifter) (Vaults:1)
  2 black mamba skeletons
  A fire dragon skeleton (Zot:1)
  13 hippogriffs
  2 tarantellas
  11 fire bats
  A giant leech zombie (Crypt:2)
  Eustachio (D:4)
  A tarantella (shapeshifter) (Vaults:3)
  A hill giant zombie (D:12)
  A steam dragon (Lair:8)
  13 wolves
  5 vampires
  7 ynoxinuls (Abyss:1)
  4 hungry ghosts
  A golden eye (shapeshifter) (Depths:2)
  4 fire elementals
  5 hogs (Elf:2)
  A wolf (shapeshifter) (Vaults:1)
  7 wargs
  5 golden eyes
  3 hill giant skeletons
  7 neqoxecs
  7 mottled dragons
  21 vampire mosquitoes
  27 deep elf fighters
  2 chaos spawn
  33 nagas
  7 spatial vortices
  4 hell hounds (Elf:1)
  5 porcupines
  A swamp worm (Snake:4)
  16 ice beasts
  A human skeleton (Depths:1)
  22 water moccasins
  A sky beast (Abyss:1)
  3 black bears
  24 small abominations
  38 orc warriors
  10 yellow wasps
  A swamp dragon zombie (Abyss:2)
  4 swamp drakes
  4 phantoms
  A snapping turtle zombie (Abyss:1)
  8 boggarts
  13 crocodiles
  6 necrophages
  A hog zombie (Crypt:2)
  52 ogres
  A lost soul (Crypt:3)
  A crocodile (shapeshifter) (D:15)
  2 boring beetles
  Sigmund (D:2)
  A brain worm (Lair:5)
  30 centaurs
  4 big kobolds (D:14)
  A gnoll sergeant (D:7)
  A komodo dragon skeleton (Crypt:2)
  10 insubstantial wisps
  2 glowing shapeshifter simulacra (Depths:3)
  A cyclops zombie (Crypt:2)
  24 giant frogs
  2 yaktaur skeletons (D:14)
  A polar bear zombie (Crypt:1)
  2 warg zombies (Vaults:3)
  A water moccasin skeleton (Crypt:1)
  A yak zombie (D:11)
  7 scorpions
  6 eyes of draining
  19 killer bees
  24 wights
  5 electric eels
  38 jellies
  A spectral naga (Crypt:3)
  11 crimson imps
  15 hounds
  37 starcursed masses
  3 goliath beetles
  2 giant frog zombies
  2 lava snakes (Zot:2)
  2 elf simulacra
  A giant frog skeleton (D:6)
  10 iguanas
  3 elf zombies
  9 iron imps
  An orange rat (Elf:3)
  17 orc priests
  A basilisk skeleton (Crypt:2)
  A gnoll shaman (D:8)
  34 orc wizards
  10 quasits
  9 worker ants
  A troll simulacrum (Crypt:3)
  36 sheep
  Ijyb (D:3)
  2 ogre zombies
  A necrophage skeleton (Crypt:3)
  A deep dwarf skeleton (Crypt:2)
  A mottled dragon skeleton (Crypt:2)
  2 mummies
  22 adders
  16 gnolls
  An ogre simulacrum (D:11)
  13 white imps
  A worm zombie (Crypt:1)
  54 green rats
  7 shadow imps
  A worker ant simulacrum (D:11)
  3 worms
  26 ufetubi
  2 adder skeletons
  A lava snake zombie (Crypt:2)
  4 orc zombies
  An iguana skeleton (D:5)
  An iguana zombie (D:9)
  5 giant geckos
  158 orcs
  2 giant cockroaches
  25 goblins
  28 hobgoblins
  8 jackals
  12 kobolds
  19 quokkas
  2 ball pythons
  14 bats
  2 giant newts (D:7)
  A giant spore (D:7)
  A goblin skeleton (D:4)
  A hobgoblin skeleton (D:6)
  3 hobgoblin zombies
  A kobold skeleton (D:7)
  3 orc skeletons
  A quokka zombie (Crypt:1)
  37 rats
  A rat skeleton (D:5)
  A rat zombie (D:5)
  2 ballistomycetes (D:7)
  A fungus (D:6)
  8 plants
  8 starspawn tentacles
  5 tentacles (Shoals:3)
3561 creatures vanquished.

Vanquished Creatures (collateral kills)
  A hydra (Lair:8)
  A griffon (Lair:8)
  An ancient zyme (Abyss:1)
  A raiju (Abyss:1)
  A neqoxec (Abyss:1)
  A small abomination (Abyss:1)
6 creatures vanquished.

Vanquished Creatures (others)
  An ancient lich (Zot:5)
  A tentacled monstrosity (Zot:5)
  2 draconian scorchers
  A draconian knight (Zot:2)
  A draconian zealot (Zot:2)
  A ball lightning (Zot:4)
  A naga ritualist (Snake:5)
  A necromancer (Depths:3)
  A mermaid (Shoals:5)
  3 drowned souls (Shoals:3)
  A naga mage (Snake:2)
  A deep elf mage (Elf:2)
  A deep elf fighter (Elf:1)
  2 mottled dragons (Zot:4)
  A water moccasin (Lair:8)
  An orc warrior (Vaults:5)
  A boggart (Depths:4)
  25 lost souls
  2 jellies (Zot:4)
  An orange rat (Elf:1)
  A kobold skeleton (D:11)
  A green rat (Lair:7)
  A white imp (IceCv)
  2 ufetubi
  2 lurking horrors (Abyss:2)
  A crawling corpse (Vaults:5)
  12 fungi
  18 plants
  40 starspawn tentacles
  88 starspawn tentacle segments
  13 tentacles (Shoals:3)
  654 tentacle segments (Shoals:3)
882 creatures vanquished.

Grand Total: 4449 creatures vanquished

Notes
Turn   | Place    | Note
--------------------------------------------------------------
     0 | D:1      | CodaKJazz, the Troll Healer, began the quest for the Orb.
     0 | D:1      | Reached XP level 1. HP: 18/18 MP: 1/1
   116 | D:1      | Reached skill level 1 in Fighting
   168 | D:1      | Reached skill level 1 in Unarmed Combat
   229 | D:1      | Reached XP level 2. HP: 27/27 MP: 1/1
   922 | D:2      | Reached XP level 3. HP: 33/33 MP: 3/3
   998 | D:2      | Found a sparkling altar of Nemelex Xobeh.
  1414 | D:2      | Reached XP level 4. HP: 39/42 MP: 3/3
  1476 | D:2      | Noticed Sigmund
  1622 | D:2      | Reached skill level 3 in Unarmed Combat
  2134 | D:3      | Noticed Ijyb
  2156 | D:3      | Killed Ijyb
  2250 | D:3      | Reached skill level 1 in Throwing
  2250 | D:3      | Reached XP level 5. HP: 49/49 MP: 3/3
  2315 | D:4      | Noticed Eustachio
  2344 | D:4      | Found a glowing golden altar of the Shining One.
  2350 | D:4      | Found a basalt altar of Yredelemnul.
  2351 | D:4      | Noticed a profane servitor
  2366 | D:4      | Noticed an angel
  2446 | D:4      | Reached skill level 4 in Unarmed Combat
  2555 | D:4      | Reached XP level 6. HP: 52/58 MP: 5/5
  2815 | D:4      | Noticed Ge0ff's ghost (average HaGl)
  3011 | D:5      | Entered Level 5 of the Dungeon
  3299 | D:5      | Reached XP level 7. HP: 63/66 MP: 5/5
  3597 | D:5      | Found Froasm's Gadget Shoppe.
  3605 | D:5      | Bought a wand of flame (15) for 85 gold pieces
  3664 | D:5      | Reached skill level 5 in Dodging
  4231 | D:6      | Found a blossoming altar of Fedhas.
  4277 | D:6      | Found an ancient bone altar of Kikubaaqudgha.
  4404 | D:6      | Reached XP level 8. HP: 67/74 MP: 5/5
  4589 | D:6      | Found a shadowy altar of Dithmenos.
  4600 | D:6      | Got a smoking robe
  4608 | D:6      | Identified the cursed -2 robe "Jongyff" {rF+ rC+} (You found it on level 6 of the Dungeon)
  4695 | D:6      | Reached skill level 5 in Unarmed Combat
  5734 | D:7      | Found a glowing silver altar of Zin.
  5748 | D:7      | Reached skill level 6 in Unarmed Combat
  5944 | D:7      | Reached XP level 9. HP: 74/85 MP: 7/7
  6411 | D:7      | Fell from the grace of Elyvilon
  6426 | D:7      | Reached skill level 5 in Fighting
  6999 | D:7      | Reached skill level 5 in Throwing
  7274 | D:4      | Found a staircase to the Ecumenical Temple.
  7301 | Temple   | Entered the Ecumenical Temple
  7453 | Temple   | Became a worshipper of Warmaster Okawaru
  7486 | D:4      | Reached skill level 7 in Unarmed Combat
  7637 | D:4      | Killed Eustachio
  7934 | D:4      | Found a snail-covered altar of Cheibriados.
  8191 | D:4      | Killed Ge0ff's ghost
  8207 | D:4      | Noticed an ogre
  8209 | D:4      | Killed an ogre
  8211 | D:4      | Acquired Okawaru's first power
  8675 | D:2      | Killed Sigmund
  9252 | D:8      | Reached XP level 10. HP: 96/98 MP: 7/7
 10019 | D:9      | Reached skill level 8 in Unarmed Combat
 10450 | D:9      | Found a shimmering altar of Xom.
 10451 | D:9      | Found a burning altar of Makhleb.
 11064 | D:9      | Found a staircase to the Lair.
 11686 | D:10     | Entered Level 10 of the Dungeon
 11758 | D:10     | Found Runuaf's Distillery.
 11763 | D:10     | Bought a potion of cancellation for 71 gold pieces
 11763 | D:10     | Bought a potion of lignification for 26 gold pieces
 11763 | D:10     | Bought a potion of poison for 13 gold pieces
 11763 | D:10     | Bought a potion of heal wounds for 39 gold pieces
 11763 | D:10     | Bought a potion of curing for 26 gold pieces
 11763 | D:10     | Bought a potion of curing for 26 gold pieces
 11908 | D:10     | Found Muitu's Antique Armour Emporium.
 11993 | D:10     | Found Mneaf's Food Shoppe.
 12047 | D:10     | Found Acainu's Magic Scroll Boutique.
 12080 | D:10     | Bought a scroll of blinking for 90 gold pieces
 12879 | D:10     | Found Catan's Magic Scroll Boutique.
 12923 | Lair:1   | Entered Level 1 of the Lair of Beasts
 13021 | Lair:1   | Noticed Nergalle
 13223 | Lair:1   | Noticed a black mamba
 13377 | Lair:1   | Reached skill level 9 in Unarmed Combat
 13377 | Lair:1   | Reached XP level 11. HP: 73/109 MP: 8/8
 13379 | Lair:1   | Received a gift from Okawaru
 13866 | Lair:2   | Noticed an eight-headed hydra
 13871 | Lair:2   | Killed an eight-headed hydra
 14851 | Lair:3   | Noticed a six-headed hydra
 14857 | Lair:3   | Killed a six-headed hydra
 15038 | Lair:3   | Found a burning altar of Makhleb.
 15043 | Lair:3   | Acquired Okawaru's second power
 15053 | Lair:3   | Noticed a seven-headed hydra
 15069 | Lair:3   | Killed a seven-headed hydra
 15441 | Lair:3   | Received a gift from Okawaru
 15682 | Lair:4   | Noticed a death yak
 15682 | Lair:4   | Noticed a death yak
 15682 | Lair:4   | Noticed a death yak
 15703 | Lair:4   | Killed a death yak
 15703 | Lair:4   | Received a gift from Okawaru
 15703 | Lair:4   | Reached skill level 10 in Dodging
 15772 | Lair:4   | Reached skill level 1 in Shields
 15774 | Lair:4   | Reached XP level 12. HP: 77/118 MP: 9/9
 16420 | Lair:4   | Killed a death yak
 16420 | Lair:4   | Reached skill level 5 in Shields
 16431 | Lair:4   | Killed a death yak
 16539 | Lair:4   | Found a staircase to the Snake Pit.
 16706 | Lair:4   | Noticed a death yak
 16733 | Lair:4   | Killed a death yak
 17179 | Lair:4   | Received a gift from Okawaru
 17304 | Lair:4   | Received a gift from Okawaru
 17574 | Lair:5   | Noticed a five-headed hydra
 17578 | Lair:5   | Killed a five-headed hydra
 17846 | Lair:5   | Noticed a five-headed hydra
 17854 | Lair:5   | Killed a five-headed hydra
 17854 | Lair:5   | Reached XP level 13. HP: 92/126 MP: 9/9
 17894 | Lair:5   | Found a staircase to the Shoals.
 18921 | Lair:7   | Received a gift from Okawaru
 18963 | Lair:7   | Noticed Fannar
 18977 | Lair:7   | Killed Fannar
 18977 | Lair:7   | Reached skill level 10 in Shields
 19253 | Lair:7   | Received a gift from Okawaru
 19388 | Lair:7   | Received a gift from Okawaru
 19432 | Lair:7   | Got a slimy hat {god gift}
 19438 | Lair:7   | Identified the +1 hat "Forget-Me-Not" {Dex+4 Int+3} (Okawaru gifted it to you on level 7 of the Lair of Beasts)
 19452 | Lair:8   | Entered Level 8 of the Lair of Beasts
 19520 | Lair:7   | Learned a level 1 spell: Apportation
 19522 | Lair:7   | Learned a level 1 spell: Summon Butterflies
 19525 | Lair:7   | Learned a level 2 spell: Blink
 20178 | Lair:1   | Reached skill level 11 in Shields
 20201 | Lair:1   | Killed a black mamba
 20222 | Lair:1   | Killed Nergalle
 20286 | D:10     | Bought a scroll of acquirement for 780 gold pieces
 20414 | D:11     | Noticed Josephine
 20436 | D:11     | Killed Josephine
 21209 | D:11     | Reached skill level 5 in Invocations
 21557 | D:12     | Found a staircase to the Orcish Mines.
 21565 | Orc:1    | Entered Level 1 of the Orcish Mines
 21770 | Orc:3    | Found Ipad's Armour Emporium.
 21846 | Orc:4    | Entered Level 4 of the Orcish Mines
 21846 | Orc:4    | Found a staircase to the Elven Halls.
 22036 | Orc:2    | Found a dark tunnel.
 22044 | Volcano  | Entered a volcano
 22187 | Volcano  | Reached XP level 14. HP: 126/133 MP: 14/17
 22201 | Volcano  | Reached skill level 12 in Shields
 22308 | Orc:2    | Found a frozen archway.
 22349 | IceCv    | Entered an ice cave
 22624 | IceCv    | Reached skill level 1 in Armour
 23301 | Orc:1    | Found a radiant altar of Vehumet.
 23662 | Orc:3    | Found a burning altar of Makhleb.
 23897 | Orc:3    | Received a gift from Okawaru
 24245 | Orc:4    | Received a gift from Okawaru
 24421 | Orc:4    | Found Jueheem's Weapon Shoppe.
 24421 | Orc:4    | Found Wigri's General Store.
 24424 | Orc:4    | Found Awoika Conk's Gadget Boutique.
 24426 | Orc:4    | Found Anil's Assorted Antiques.
 24430 | Orc:4    | Bought a red potion for 27 gold pieces
 24430 | Orc:4    | Bought a sedimented orange potion for 27 gold pieces
 24675 | D:10     | Bought a scroll of acquirement for 780 gold pieces
 24677 | D:10     | Got a wavering granite ring
 24679 | D:10     | Identified the ring of Xom's Absentmindedness {rPois rC+ Stlth-} (You acquired it on level 10 of the Dungeon)
 25291 | Lair:6   | Found a staircase to the Slime Pits.
 25406 | Lair:6   | Reached skill level 10 in Unarmed Combat
 28250 | Orc:4    | Received a gift from Okawaru
 28779 | D:12     | Found Twuaqec's Antique Armour Emporium.
 28789 | D:12     | Bought a runed large shield for 135 gold pieces
 29214 | D:12     | Noticed Gastronok
 29234 | D:12     | Killed Gastronok
 29234 | D:12     | Reached XP level 15. HP: 129/146 MP: 10/19
 30167 | D:13     | Reached skill level 13 in Shields
 30898 | D:14     | Found a gate to the Vaults.
 30956 | D:14     | Found an ancient bone altar of Kikubaaqudgha.
 31088 | D:14     | Noticed Rupert
 31090 | D:14     | Paralysed by Rupert for 4 turns
 31104 | D:15     | Entered Level 15 of the Dungeon
 31420 | Snake:1  | Entered Level 1 of the Snake Pit
 32090 | Snake:2  | Received a gift from Okawaru
 32161 | Snake:2  | Reached skill level 14 in Shields
 33416 | Snake:3  | Found a glowing golden altar of the Shining One.
 33678 | Snake:3  | Received a gift from Okawaru
 34359 | Snake:4  | Found Byextoo's Assorted Antiques.
 34477 | Snake:4  | Reached XP level 16. HP: 107/158 MP: 12/19
 34498 | Snake:4  | Received a gift from Okawaru
 34670 | Snake:4  | Received a gift from Okawaru
 34670 | Snake:4  | Reached skill level 10 in Fighting
 34835 | Snake:5  | Entered Level 5 of the Snake Pit
 35250 | Snake:5  | Found Cihej's Gadget Boutique.
 36415 | Snake:5  | Received a gift from Okawaru
 37012 | Shoals:1 | Entered Level 1 of the Shoals
 37674 | Snake:5  | Reached skill level 10 in Throwing
 38327 | Snake:5  | Reached XP level 17. HP: 137/170 MP: 4/20
 38333 | Snake:5  | Reached skill level 15 in Shields
 38675 | Snake:5  | Got a serpentine rune of Zot
 38926 | Snake:5  | Received a gift from Okawaru
 39473 | D:14     | Killed Rupert
 39648 | D:15     | Received a gift from Okawaru
 39681 | D:15     | Got a heavily runed marble ring
 39683 | D:15     | Identified the ring "Qicuafaf" {+Fly rElec Slay+1} (You found it on level 15 of the Dungeon)
 39841 | D:15     | Received a gift from Okawaru
 39892 | D:15     | Found a staircase to the Depths.
 40111 | D:15     | Gained mutation: You are partially covered in rugged brown scales (AC +1, +3% HP). [potion of beneficial mutation]
 40286 | D:15     | Received a gift from Okawaru
 40399 | D:14     | Found Enuachuz's Assorted Antiques.
 40809 | D:10     | Bought a scroll of identify for 24 gold pieces
 40940 | Orc:4    | Bought the +6 blowgun of Untruth {speed, rF+} for 772 gold pieces
 40984 | Elf:1    | Entered Level 1 of the Elven Halls
 40995 | Elf:1    | Noticed Harold
 41040 | Elf:1    | Killed Harold
 41217 | Elf:1    | Noticed Agnes
 41231 | Elf:1    | Killed Agnes
 41343 | Elf:1    | Noticed Azrael
 41362 | Elf:1    | Killed Azrael
 41498 | Elf:1    | Received a gift from Okawaru
 41743 | Elf:1    | Noticed Nikola
 41766 | Elf:1    | Killed Nikola
 42174 | Elf:2    | Found a deep blue altar of Sif Muna.
 42351 | Elf:2    | Noticed Norris
 42584 | Elf:2    | Noticed Kirke
 42599 | Elf:2    | Killed Kirke
 42611 | Elf:2    | Got a sparkling marble ring
 42613 | Elf:2    | Identified the ring of Basiasoesa {+/*Tele Dex-3 Slay+3} (You acquired it on level 2 of the Elven Halls)
 42649 | Elf:2    | Received a gift from Okawaru
 42675 | Elf:3    | Entered Level 3 of the Elven Halls
 42686 | Elf:3    | Noticed a Hell Sentinel
 42687 | Elf:3    | Reached XP level 18. HP: 187/187 MP: 18/21
 42688 | Elf:3    | Noticed a Hell Sentinel
 42922 | Elf:3    | Got a sparkling brass ring
 42924 | Elf:3    | Identified the ring "Adu Tila" {+/*Tele Str+2 Int-3} (You found it on level 3 of the Elven Halls)
 42961 | Elf:3    | Learned a level 2 spell: Repel Missiles
 42966 | Elf:3    | Got a twitching pewter ring
 42968 | Elf:3    | Identified the cursed ring "Broame" {Str-2 Stlth---} (You found it on level 3 of the Elven Halls)
 43013 | Elf:3    | Got a crude bone ring
 43015 | Elf:3    | Identified the ring "Rapec" {+Inv rF+ Slay+2 SInv} (You found it on level 3 of the Elven Halls)
 43036 | Elf:3    | Cast into the Abyss (deep elf sorcerer)
 43287 | Abyss:1  | Paralysed by accursed screaming for 1 turns
 43292 | Abyss:1  | Paralysed by accursed screaming for 1 turns
 43297 | Abyss:1  | Gained mutation: You have difficulty communicating with the divine. [a cacodemon]
 43299 | Abyss:1  | Gained mutation: You are very weak. (Str -4) [a cacodemon]
 43319 | Abyss:1  | Found a corrupted altar of Lugonu.
 43835 | Abyss:1  | Noticed a bone dragon
 43861 | Abyss:1  | Killed a bone dragon
 43932 | Elf:3    | Escaped the Abyss
 43948 | Elf:3    | Reached skill level 16 in Shields
 43996 | Elf:3    | Cast into the Abyss (deep elf sorcerer)
 44158 | Abyss:1  | Received a gift from Okawaru
 44455 | Abyss:1  | Noticed a bone dragon
 44537 | Abyss:1  | Learned a level 3 spell: Flight
 44753 | Abyss:1  | Reached skill level 17 in Shields
 44806 | Abyss:1  | Received a gift from Okawaru
 45049 | Abyss:1  | Lost mutation: You are weak. (Str -2) [potion of cure mutation]
 45049 | Abyss:1  | Lost mutation: You have difficulty communicating with the divine. [potion of cure mutation]
 45049 | Abyss:1  | Lost mutation: You are partially covered in rugged brown scales (AC +1, +3% HP). [potion of cure mutation]
 45130 | Abyss:1  | Noticed a Hell Sentinel
 45137 | Abyss:1  | Reached XP level 19. HP: 191/191 MP: 15/21
 45159 | Abyss:1  | Killed a Hell Sentinel
 45212 | Abyss:1  | Received a gift from Okawaru
 45803 | Abyss:2  | Found an iron altar of Okawaru.
 45823 | Abyss:2  | Received a gift from Okawaru
 45879 | Abyss:2  | Found a corrupted altar of Lugonu.
 45979 | Abyss:2  | Gained mutation: Space occasionally distorts in your vicinity. [a neqoxec]
 46016 | Abyss:2  | Reached skill level 18 in Shields
 46169 | Abyss:2  | Received a gift from Okawaru
 46388 | Abyss:2  | Gained mutation: You tend to lose your temper in combat. [a cacodemon]
 46396 | Abyss:2  | Gained mutation: You can breathe flames. [a cacodemon]
 46416 | Abyss:2  | Gained mutation: Your mind is acute. (Int +2) [a cacodemon]
 46885 | Abyss:2  | Reached skill level 15 in Unarmed Combat
 46921 | Abyss:2  | Paralysed by accursed screaming for 1 turns
 46941 | Abyss:2  | Found a corrupted altar of Lugonu.
 47118 | Elf:3    | Escaped the Abyss
 47193 | Elf:3    | Gained mutation: You are clumsy. (Dex -2) [a neqoxec]
 47870 | Elf:3    | Got a twitching pewter ring
 47872 | Elf:3    | Identified the ring of Salvation {+/*Tele Dex-4 Int-1} (You found it on level 3 of the Elven Halls)
 48181 | Elf:3    | Lost mutation: You tend to lose your temper in combat. [potion of cure mutation]
 48181 | Elf:3    | Lost mutation: You can breathe flames. [potion of cure mutation]
 48181 | Elf:3    | Lost mutation: Your mind is acute. (Int +2) [potion of cure mutation]
 48181 | Elf:3    | Lost mutation: Space occasionally distorts in your vicinity. [potion of cure mutation]
 48181 | Elf:3    | Lost mutation: You are clumsy. (Dex -2) [potion of cure mutation]
 48183 | Elf:3    | Identified the Guide on Unholy Rites
 48420 | D:10     | Bought 2 scrolls of enchant armour for 225 gold pieces
 48420 | D:10     | Bought a scroll of blinking for 112 gold pieces
 48430 | D:10     | Learned a level 3 spell: Regeneration
 48587 | Vaults:1 | Entered Level 1 of the Vaults
 48672 | Vaults:1 | Received a gift from Okawaru
 48992 | Vaults:1 | Received a gift from Okawaru
 49055 | Vaults:1 | Reached XP level 20. HP: 162/200 MP: 22/22
 51452 | Shoals:1 | Received a gift from Okawaru
 51845 | Shoals:2 | Noticed Polyphemus
 52034 | Shoals:1 | Killed Polyphemus
 52103 | Shoals:1 | Received a gift from Okawaru
 52523 | Shoals:2 | Reached skill level 19 in Shields
 52618 | Shoals:2 | Found Kiag's Assorted Antiques.
 52627 | Shoals:2 | Bought a scroll of enchant armour for 217 gold pieces
 53125 | Shoals:3 | Received a gift from Okawaru
 53188 | Shoals:3 | Gained mutation: You are partially covered in slimy green scales (AC +2). [potion of beneficial mutation]
 54130 | Shoals:3 | Received a gift from Okawaru
 54214 | Shoals:3 | Found Meci's Armour Emporium.
 54938 | Shoals:5 | Entered Level 5 of the Shoals
 55060 | Shoals:5 | Noticed Frances
 55133 | Shoals:5 | Killed Frances
 55309 | Shoals:5 | Noticed Ilsuiw
 55349 | Shoals:5 | Killed Ilsuiw
 55350 | Shoals:5 | Received a gift from Okawaru
 55362 | Shoals:5 | Reached XP level 21. HP: 163/210 MP: 18/23
 55534 | Shoals:5 | Received a gift from Okawaru
 55798 | Shoals:5 | Got a barnacled rune of Zot
 56938 | Vaults:2 | Noticed Wiglaf
 56961 | Vaults:2 | Killed Wiglaf
 57060 | Vaults:2 | Received a gift from Okawaru
 57082 | Vaults:2 | Reached skill level 20 in Shields
 57468 | Vaults:2 | Received a gift from Okawaru
 58270 | Vaults:3 | Received a gift from Okawaru
 58458 | Vaults:3 | Found Qubit's Antique Weapon Shop.
 58718 | Vaults:3 | Found a staircase to the Crypt.
 58834 | Vaults:3 | Noticed Sojobo
 58882 | Vaults:3 | Killed Sojobo
 58964 | Vaults:3 | Noticed Boris
 58994 | Vaults:3 | Killed Boris
 58994 | Vaults:3 | Reached skill level 21 in Shields
 59577 | Vaults:4 | Reached XP level 22. HP: 207/219 MP: 23/23
 59826 | Vaults:4 | Received a gift from Okawaru
 59906 | Vaults:4 | Found Geoggubi's Book Shop.
 60172 | Vaults:4 | Found Muekie's Assorted Antiques.
 60178 | Vaults:4 | Received a gift from Okawaru
 60192 | Vaults:4 | Bought a scroll of enchant armour for 247 gold pieces
 60192 | Vaults:4 | Bought a potion of heal wounds for 99 gold pieces
 60960 | Orc:3    | Bought a +1 pearl dragon armour for 1153 gold pieces
 61372 | Crypt:1  | Entered Level 1 of the Crypt
 61492 | Crypt:1  | Received a gift from Okawaru
 61986 | Elf:2    | Reached skill level 5 in Armour
 62059 | Elf:2    | Killed Norris
 62437 | Elf:2    | Noticed Donald
 62447 | Elf:2    | Killed Donald
 62817 | Elf:3    | Got a sparkling silver ring
 62820 | Elf:3    | Identified the ring "Rysonedi" {Str+3 Dex+3} (You took it off a deep elf sorcerer on level 3 of the Elven Halls)
 63161 | Elf:3    | Received a gift from Okawaru
 64612 | Crypt:1  | Received a gift from Okawaru
 65074 | Crypt:1  | Paralysed by a vampire knight for 6 turns
 65134 | Crypt:1  | Paralysed by a vampire knight for 7 turns
 65303 | Crypt:2  | Noticed Saint Roka
 65326 | Crypt:1  | Killed Saint Roka
 65398 | Crypt:2  | Found a magical portal.
 65445 | WizLab   | Entered The Chambers of Tame the Cloud Mage
 66448 | Crypt:2  | Noticed Frederick
 66473 | Crypt:2  | Killed Frederick
 66809 | Crypt:3  | Entered Level 3 of the Crypt
 66969 | Crypt:3  | Reached XP level 23. HP: 217/227 MP: 24/24
 67078 | Crypt:3  | Reached skill level 22 in Shields
 67219 | Crypt:3  | Found a basalt altar of Yredelemnul.
 67299 | Crypt:3  | Received a gift from Okawaru
 67448 | Crypt:3  | Found a staircase to the Tomb.
 67599 | Crypt:3  | Cast into the Abyss (lich)
 67674 | Abyss:1  | Received a gift from Okawaru
 68363 | Crypt:3  | Escaped the Abyss
 68379 | Crypt:3  | Received a gift from Okawaru
 68565 | Crypt:3  | Reached skill level 23 in Shields
 68666 | Crypt:3  | Received a gift from Okawaru
 68762 | Crypt:3  | Got a crude brass ring
 68764 | Crypt:3  | Identified the ring of Eternity {SustAb Str+4 Int+3} (You found it on level 3 of the Crypt)
 69467 | Vaults:5 | Entered Level 5 of the Vaults
 69484 | Vaults:5 | Received a gift from Okawaru
 69491 | Vaults:5 | Noticed Jory
 69507 | Vaults:5 | Reached XP level 24. HP: 196/236 MP: 19/24
 69573 | Vaults:5 | Received a gift from Okawaru
 69587 | Vaults:5 | Killed Jory
 69623 | Vaults:5 | Reached skill level 24 in Shields
 70218 | Vaults:5 | Found Smixkuosu's Magic Scroll Shoppe.
 70255 | Vaults:5 | Bought a scroll of silence for 165 gold pieces
 70255 | Vaults:5 | Bought a scroll of silence for 165 gold pieces
 70255 | Vaults:5 | Bought a scroll of blinking for 165 gold pieces
 70255 | Vaults:5 | Bought a scroll of fear for 77 gold pieces
 70255 | Vaults:5 | Bought a scroll of teleportation for 66 gold pieces
 70255 | Vaults:5 | Bought a scroll of magic mapping for 77 gold pieces
 70352 | Vaults:5 | Got a silver rune of Zot
 70411 | Vaults:5 | Found Loottez's Jewellery Shoppe.
 70499 | Vaults:5 | Received a gift from Okawaru
 70774 | Vaults:5 | Reached skill level 25 in Shields
 70778 | Vaults:5 | Received a gift from Okawaru
 70870 | Vaults:5 | Received a gift from Okawaru
 71016 | Vaults:5 | Got a bloodstained cloak
 71022 | Vaults:5 | Identified the cursed -1 cloak "Stits" {MR+} (You found it on level 5 of the Vaults)
 71532 | Depths:1 | Entered Level 1 of the Depths
 71532 | Depths:1 | Found a gateway to a ziggurat.
 71800 | D:10     | Bought a potion of invisibility for 71 gold pieces
 71800 | D:10     | Bought a potion of invisibility for 71 gold pieces
 71800 | D:10     | Bought a potion of invisibility for 71 gold pieces
 72098 | Shoals:2 | Bought a scroll of teleportation for 87 gold pieces
 72098 | Shoals:2 | Bought a potion of agility for 72 gold pieces
 72582 | Snake:4  | Bought a potion of curing for 72 gold pieces
 72921 | Orc:4    | Bought a scroll of blinking for 225 gold pieces
 72921 | Orc:4    | Bought a scroll of magic mapping for 105 gold pieces
 73048 | D:10     | Bought a scroll of teleportation for 36 gold pieces
 73048 | D:10     | Bought a scroll of recharging for 114 gold pieces
 73707 | Depths:1 | Found a gateway to Hell.
 73869 | Depths:1 | Received a gift from Okawaru
 73884 | Depths:1 | Got a wavering amber ring
 73886 | Depths:1 | Identified the ring "Ghie" {Str+3 Dex+2 Regen} (You acquired it on level 1 of the Depths)
 74008 | Depths:1 | Reached XP level 25. HP: 215/244 MP: 25/25
 75070 | Depths:2 | Found a one-way gate to the infinite horrors of the Abyss.
 75238 | Depths:2 | Reached skill level 26 in Shields
 75324 | Depths:2 | Received a gift from Okawaru
 75415 | Depths:2 | Received a gift from Okawaru
 75891 | Depths:3 | Found an ancient bone altar of Kikubaaqudgha.
 75901 | Depths:3 | Received a gift from Okawaru
 76087 | Depths:3 | Received a gift from Okawaru
 76314 | Depths:3 | Received a gift from Okawaru
 76753 | Depths:3 | Gained mutation: Your muscles are strong. (Str +2) [potion of beneficial mutation]
 76760 | Depths:3 | Found a sparkling altar of Nemelex Xobeh.
 76869 | Depths:3 | Found Meegos' Antique Weapon Shoppe.
 76948 | Depths:3 | Found a one-way gate leading to the halls of Pandemonium.
 77375 | Depths:3 | Reached skill level 27 in Shields
 77685 | Depths:4 | Found a shimmering altar of Xom.
 77685 | Depths:4 | Found a shimmering altar of Xom.
 77685 | Depths:4 | Found a shimmering altar of Xom.
 77836 | Depths:4 | Reached XP level 26. HP: 253/253 MP: 25/25
 77855 | Depths:4 | Paralysed by a sphinx for 6 turns
 77906 | Depths:4 | Noticed the Enchantress
 77921 | Depths:4 | Killed the Enchantress
 77950 | Depths:4 | Got a faerie dragon armour
 77961 | Depths:4 | Identified the +4 faerie dragon armour {Slay-6 Clar} (You took it off the Enchantress on level 4 of the Depths)
 78752 | Depths:5 | Entered Level 5 of the Depths
 79261 | Depths:5 | Received a gift from Okawaru
 79652 | Depths:5 | Noticed Margery
 79672 | Depths:5 | Killed Margery
 79873 | Depths:5 | Found a gate to the Realm of Zot.
 80580 | Zot:1    | Entered Level 1 of the Realm of Zot
 81259 | Zot:1    | Received a gift from Okawaru
 81277 | Zot:1    | Reached skill level 15 in Throwing
 81406 | Zot:1    | Received a gift from Okawaru
 81447 | Zot:1    | Noticed an orb of fire
 81497 | Zot:1    | Gained mutation: Your spells are a little easier to cast, but a little less powerful. [an orb of fire]
 81509 | Zot:1    | Gained mutation: You are surrounded by a mild repulsion field (EV +2). [an orb of fire]
 81520 | Zot:1    | Gained mutation: Your magical capacity is low (-10% MP). [an orb of fire]
 81522 | Zot:1    | Killed an orb of fire
 81541 | Zot:1    | Noticed Tiamat
 81585 | Zot:1    | Killed Tiamat
 81585 | Zot:1    | Reached XP level 27. HP: 149/266 MP: 20/23
 82586 | Slime:1  | Entered Level 1 of the Pits of Slime
 82717 | Slime:3  | Found a viscous altar of Jiyva.
 82735 | Slime:3  | Reached skill level 15 in Fighting
 83066 | Slime:6  | Entered Level 6 of the Pits of Slime
 83080 | Slime:5  | Gained mutation: Armour fits poorly on your strangely shaped body. [a shining eye]
 83082 | Slime:5  | Lost mutation: Your muscles are strong. (Str +2) [a shining eye]
 83154 | Slime:6  | Noticed the royal jelly
 83370 | Slime:6  | Noticed SaintRoka's ghost (great NaHe)
 83433 | Slime:6  | Killed SaintRoka's ghost
 83453 | Slime:6  | Gained mutation: Your spells are easier to cast, but less powerful. [a shining eye]
 83578 | Slime:6  | Killed the royal jelly
 83578 | Slime:6  | Received a gift from Okawaru
 83578 | Slime:6  | Reached skill level 10 in Armour
 83725 | Slime:6  | Got an ancient lead amulet
 83727 | Slime:6  | Identified the amulet "Ixathe" {Ward rN+ Str-3 Dex+3} (You found it on level 6 of the Pits of Slime)
 83764 | Slime:6  | Got a slimy rune of Zot
 84448 | Zot:1    | Got a slimy hat {god gift}
 84454 | Zot:1    | Identified the +2 hat of Indecent Exposure {rN+} (Okawaru gifted it to you on level 1 of the Realm of Zot)
 84647 | Zot:2    | Received a gift from Okawaru
 84824 | Zot:3    | Noticed an orb of fire
 84843 | Zot:3    | Killed an orb of fire
 85302 | Zot:4    | Received a gift from Okawaru
 85571 | Zot:4    | Received a gift from Okawaru
 85738 | Zot:4    | Received a gift from Okawaru
 85792 | Zot:4    | Got an encrusted cloak
 85803 | Zot:4    | Identified the +1 cloak of Gehenna {Str+3 Int+2} (You acquired it on level 4 of the Realm of Zot)
 86905 | Zot:3    | Received a gift from Okawaru
 89146 | Zot:4    | Gained mutation: You can spit poison. [potion of beneficial mutation]
 89149 | Zot:5    | Entered Level 5 of the Realm of Zot
 89749 | Zot:5    | Noticed an ancient lich
 89770 | Zot:5    | Killed an ancient lich
 89798 | Zot:5    | Received a gift from Okawaru
 89881 | Zot:5    | Noticed an ancient lich
 89884 | Zot:5    | Noticed an ancient lich
 89885 | Zot:5    | Noticed an ancient lich
 89934 | Zot:5    | Killed an ancient lich
 89934 | Zot:5    | Received a gift from Okawaru
 89942 | Zot:5    | Killed an ancient lich
 90019 | Zot:5    | Noticed an orb of fire
 90020 | Zot:5    | Gained mutation: You are dopey. (Int -2) [an orb of fire]
 90036 | Zot:5    | Killed an orb of fire
 90154 | Zot:5    | Killed an ancient lich
 90174 | Zot:5    | Noticed an orb of fire
 90196 | Zot:5    | Killed an orb of fire
 90221 | Zot:5    | Reached skill level 15 in Dodging
 90301 | Zot:5    | Received a gift from Okawaru
 90302 | Zot:5    | Got the Orb of Zot
 90304 | Zot:5    | Noticed an orb of fire
 90341 | Zot:5    | Noticed an ancient lich
 90354 | Zot:5    | Gained mutation: Your vision is a little blurry. [an orb of fire]
 90368 | Zot:5    | Killed an ancient lich
 90374 | Zot:5    | Noticed Qifetal the pandemonium lord
 90735 | Zig:1    | Entered Level 1 of a ziggurat
 90922 | D:10     | Noticed Padoa the pandemonium lord
 91133 | D:5      | Gained mutation: You tend to lose your temper in combat. [a neqoxec]
 91293 | D:$      | Escaped with the Orb!

Action                   |  1- 3 |  4- 6 |  7- 9 | 10-12 | 13-15 | 16-18 | 19-21 | 22-24 | 25-27 || total
-------------------------+-------+-------+-------+-------+-------+-------+-------+-------+-------++-------
Melee: Unarmed           |   113 |   159 |   575 |   943 |  2549 |  1909 |  2583 |  2929 |  4143 || 15903
 Fire: Blowgun           |       |       |       |       |       |     2 |    14 |       |       ||    16
Throw: Stone             |     6 |    20 |   114 |    95 |    12 |       |       |       |       ||   247
       Tomahawk          |       |       |     7 |    36 |    47 |    43 |    39 |       |       ||   172
       Large rock        |       |       |     2 |    18 |    25 |    49 |    16 |    42 |   155 ||   307
       Javelin           |       |       |       |     9 |    26 |    26 |    11 |    10 |    23 ||   105
       Throwing net      |       |       |       |       |       |       |    11 |       |     7 ||    18
Invok: Purification      |       |     1 |       |       |       |       |       |       |       ||     1
       Lesser Self-Heali |       |       |     2 |       |       |       |       |       |       ||     2
       Renounce Religion |       |       |     1 |       |       |       |       |       |       ||     1
       Heroism           |       |       |       |     5 |    11 |    13 |    17 |    14 |    24 ||    84
       Finesse           |       |       |       |       |     2 |     8 |     4 |     4 |    11 ||    29
 Abil: Evoke Flight      |       |       |       |       |     2 |       |     2 |     3 |       ||     7
       Breathe Fire      |       |       |       |       |       |       |     1 |       |       ||     1
Evoke: Wand              |       |       |    27 |     5 |    21 |    11 |    14 |    10 |    37 ||   125
  Use: Scroll            |     3 |     6 |    12 |    10 |    22 |    23 |    16 |    16 |    35 ||   143
       Potion            |       |     1 |     1 |       |     4 |    12 |    10 |    13 |    28 ||    69
 Stab: Sleeping          |       |     1 |     5 |     5 |     2 |       |       |       |       ||    13
       Distracted        |       |       |       |     1 |     2 |       |     1 |       |     2 ||     6
       Held in net/web   |       |       |       |       |       |       |     4 |       |       ||     4
       Invisible         |       |       |       |       |       |       |       |     1 |     1 ||     2
       Confused          |       |       |       |       |       |       |       |       |     1 ||     1
  Eat: Chunk             |    18 |    17 |    42 |    75 |   134 |    69 |   104 |    75 |    95 ||   629
       Fruit             |       |       |     3 |     3 |     7 |     7 |     2 |       |     1 ||    23
       Pizza             |       |       |     1 |     3 |     5 |       |     3 |     1 |     1 ||    14
       Bread ration      |       |       |     1 |       |       |       |     1 |    11 |     4 ||    17
       Beef jerky        |       |       |       |       |     5 |     4 |     4 |     1 |     2 ||    16
       Royal jelly       |       |       |       |       |       |     2 |       |       |       ||     2
       Meat ration       |       |       |       |       |       |     3 |     4 |     3 |    14 ||    24
